 Dungeon Crawl Stone Soup version 0.23.0-2-g0fe3ce5 (webtiles) character file.

Game seed: 5362932953639907405

32 xccam the Ruffian (level 3, 0/28 HPs)
             Began as a Draconian Transmuter on Feb 19, 2019.
             Slain by an adder (3 damage)
             ... on level 1 of the Dungeon.
             The game lasted 00:02:03 (963 turns).

xccam the Ruffian (Draconian Transmuter)             Turns: 963, Time: 00:02:03

Health: 0/28       AC:  7    Str: 13    XL:     3   Next: 10%
Magic:  6/6        EV: 12    Int: 13    God:
Gold:   52         SH:  0    Dex: 11    Spells: 3/6 levels left

rFire    . . .     SeeInvis .     - Unarmed
rCold    . . .     Gourm    .   (no shield)
rNeg     . . .     Faith    .   (armour unavailable)
rPois    .         Spirit   .   (helmet restricted)
rElec    .         Reflect  .   b - +1 cloak
rCorr    .         Harm     .   (no gloves)
MR       .....                  (boots currently unavailable)
Stlth    +.........             (no amulet)
HPRegen  0.09/turn              (no ring)
MPRegen  0.10/turn              (no ring)

@: appendage (expiring)
A: unfitting armour, talons 3, cold-blooded, AC +5
a: End Transformation


You were on level 1 of the Dungeon.
You were not hungry.
You had grown temporary talons.
You visited 1 branch of the dungeon, and saw 2 of its levels.

You collected 52 gold pieces.

Inventory:

Missiles
 a - 12 arrows
Armour
 b - a +1 cloak (worn)
Scrolls
 d - a scroll of enchant armour {unknown}
 e - 2 scrolls of fear {unknown}
 f - 3 scrolls of identify {unknown}
 h - a scroll of teleportation {unknown}
 i - a scroll of amnesia {unknown}
 k - a scroll of random uselessness {unknown}
 l - a scroll of remove curse {unknown}
Potions
 g - a potion of berserk rage {unknown}
 j - a potion of invisibility {unknown}
 m - a potion of haste {unknown}
Comestibles
 c - a ration


   Skills:
 - Level 1.1 Fighting
 - Level 1.7 Dodging
 + Level 4.0 Unarmed Combat
 - Level 2.0 Spellcasting
 + Level 2.3 Transmutations


You had 3 spell levels left.
You knew the following spells:

 Your Spells              Type           Power        Failure   Level  Hunger
a - Beastly Appendage     Tmut           #.....       10%         1    ##.....
b - Sticks to Snakes      Tmut           #.......     14%         2    ###....

Your spell library contained the following spells:

 Spells                   Type           Power        Failure   Level  Hunger
 Spider Form              Tmut/Pois      #.........   43%         3    ####...
 Ice Form                 Ice/Tmut       #.......     83%         4    #####..
 Blade Hands              Tmut           #.........   95%         5    ######.


Dungeon Overview and Level Annotations

Branches:
Dungeon (2/15)

Altars:


Innate Abilities, Weirdness & Mutations

Your plain brown scales are hard. (AC +5)
You cannot fit into any form of body armour.
You are cold-blooded and may be slowed by cold attacks.
You have claws for feet.


Message History

You are no longer poisoned.
The adder barely misses you.
Unknown command.
You hit the adder. Your kick misses the adder.
The adder is heavily wounded.
The adder barely misses you. The adder bites you but does no damage.
Unknown command.
You closely miss the adder. Your kick misses the adder.
The adder is heavily wounded.
Your transformation is almost over.
The adder closely misses you.
Unknown command.
You closely miss the adder.
Your tail-slap misses the adder.
The adder is heavily wounded.
The adder barely misses you.
Unknown command.
You miss the adder. You claw the adder, but do no damage.
The adder is heavily wounded.
The adder bites you.
You die...

.## #............###............
..# ##.###....###................
#.###..# #..#.# ########.........
......## ##.#.######......###..##
...#### #)#[.##........###...##
...########.##.#..#....#####.#.##
............##...........[...#...
.[.##.......##...#....##)........
...##...........@................
.#..#...........S.....#..........
.##.#...........[...###.....#####
.##.#...............###.....#..<.
.##.#.......................#....
###....####.............#.#.#...^
###..######...........###.###....
.)...................#......#....
.#####.##....##.............###.#


You could see an adder.

Vanquished Creatures
  An ooze (D:1)
  2 dart slugs (D:1)
  A leopard gecko (D:1)
  4 giant cockroaches
  A goblin (D:1)
  2 hobgoblins (D:1)
  2 kobolds (D:1)
  4 bats (D:1)
  5 frilled lizards (D:1)
  2 rats (D:1)
24 creatures vanquished.

Notes
Turn   | Place    | Note
-------+----------+-------------------------------------------
     0 | D:1      | xccam the Draconian Transmuter began the quest for the Orb.
     0 | D:1      | Reached XP level 1. HP: 16/16 MP: 3/3
   249 | D:1      | Reached XP level 2. HP: 23/23 MP: 3/5
   258 | D:1      | Learned a level 2 spell: Sticks to Snakes
   390 | D:1      | Reached skill level 4 in Unarmed Combat
   517 | D:1      | Reached XP level 3. HP: 12/28 MP: 4/6
   963 | D:1      | Slain by an adder

Skill      XL: |  1  2 |
---------------+-------+-----
Unarmed Combat | 4 |  4.0
Fighting       | |  1.1
Dodging        | |  1.7
Spellcasting   | |  2.0
Transmutations | |  2.3

Action                   || total
-------------------------++-------
Melee: Unarmed           ||   107
       Tailslap          ||     3
       Punch             ||     2
       Kick              ||     5
 Cast: Beastly Appendage ||     4
Armor: Skin              ||    44
Dodge: Dodged            ||    72
